 Dungeon Crawl Stone Soup version 0.31-a0-188-g5e087ee2ca (webtiles) character file.

Game seed: 9358194671942743519

32 qw the Shooter (level 3, 0/20 HPs)
             Began as a Deep Elf Hunter on June 23, 2023.
             Slain by a jackal (1 damage)
             ... on level 2 of the Dungeon.
             The game lasted 00:00:20 (575 turns).

qw the Shooter (Deep Elf Hunter)                     Turns: 575, Time: 00:00:21

Health: 0/20       AC:  7    Str:  8 (10) XL:     3   Next: 10%
Magic:  5/5        EV:  8    Int: 10 (13) God:
Gold:   54         SH:  0    Dex: 15 (18) Spells: 2/2 levels left

rFire   . . .        Y - +1 shortbow
rCold   . . .        (shield currently unavailable)
rNeg    . . .        k - +0 scale mail
rPois   .            m - +0 helmet
rElec   .            (no cloak)
rCorr   .            (no gloves)
SInv    .            (no boots)
Will    .....        (no amulet) Stlth
                     (no ring)
HPRegen 0.23/turn    (no ring)
MPRegen 0.09/turn

%: no passive effects
@: no status effects
A: no striking features
a: no special abilities


You were on level 2 of the Dungeon.
You visited 1 branch of the dungeon, and saw 2 of its levels.

You collected 54 gold pieces.


   Skills:
 - Level 1.5 Fighting
 + Level 6.7 Ranged Weapons
 - Level 2.4 Dodging
 - Level 1.2 Stealth


You had 2 spell levels left.
You didn't know any spells.
Your spell library was empty.

Inventory:

Hand Weapons
 Y - a +1 shortbow (weapon)
Armour
 k - a +0 scale mail (worn)
 m - a +0 helmet (worn)
Scrolls
 a - a scroll of torment {unknown}
 f - a scroll of identify
Potions
 d - a potion of haste {unknown}
 h - 2 potions of curing
 i - a potion of heal wounds {unknown}

Dungeon Overview and Level Annotations

Branches:
Dungeon (2/15)

Altars:


Message History

You shoot an arrow. The arrow barely misses the adder.
The bat hits you but does no damage.
The jackal bites you but does no damage.
The adder bites you but does no damage.
You shoot an arrow. The arrow barely misses the adder.
The bat hits you but does no damage. The adder barely misses you.
The jackal bites you but does no damage.
The jackal barely misses you. The bat hits you but does no damage.
The jackal bites you but does no damage.
The adder bites you.
You are poisoned.
The adder poisons you! The jackal bites you. x2
You shoot an arrow. The arrow hits the adder!
You kill the adder!
You feel sick. The bat hits you. The bat hits you but does no damage.
The jackal barely misses you.
The jackal bites you but does no damage. x2
The jackal bites you.
The jackal bites you but does no damage. x2
The jackal barely misses you.
You have reached level 3!
Your experience leads to an increase in your attributes!
Your base attributes are Str 8, Int 13, Dex 18.
Increase (S)trength, (I)ntelligence, or (D)exterity?
You feel stronger. x2
You shoot an arrow. The arrow closely misses the bat.
You feel sick. The bat hits you but does no damage.
The jackal bites you but does no damage.
The jackal bites you. The bat hits you but does no damage.
The jackal bites you but does no damage.
The jackal bites you. The jackal closely misses you.
The jackal completely misses you.
You shoot an arrow. The arrow hits the jackal.
The jackal is severely wounded.
You feel sick.
You are no longer poisoned.
The bat hits you but does no damage. x2
The jackal bites you but does no damage. x2
The jackal completely misses you. The jackal bites you.
You die...

#.... #....##
#.....# . #..$#.###
### ..#...%).. #..
.......?.####.#.#
......hh......#.#
##...#b@#######.#
......h.........#
####....#######.##.#
##...# #<......#
......# #########
#.##..... #.....
#.$.... #......


You could see 3 jackals and a bat.

Vanquished Creatures
  An adder (D:2)
  A dart slug (D:1)
  2 endoplasms (D:1)
  3 goblins (D:1)
  3 hobgoblins (D:1)
  A jackal (D:2)
  2 quokkas (D:1)
  2 ball pythons
  2 frilled lizards (D:1)
  3 kobolds
20 creatures vanquished.

Notes
Turn   | Place    | Note
-------+----------+-------------------------------------------
     0 | D:1      | qw the Deep Elf Hunter began the quest for the Orb.
     0 | D:1      | Reached XP level 1. HP: 12/12 MP: 3/3
     0 | D:1      | 0 ||| qw: Version: 0.3-a-9-g12657ce
     0 | D:1      | 0 ||| qw: Game counter: 4088
     0 | D:1      | 0 ||| qw: Always use a shield: true
     0 | D:1      | 0 ||| qw: God list: Okawaru
     0 | D:1      | 0 ||| qw: Allow faded altars: false
     0 | D:1      | 0 ||| qw: Do Orc after D:15 true
     0 | D:1      | 0 ||| qw: Do second Lair branch before Depths: true
     0 | D:1      | 0 ||| qw: Lair rune preference: random
     0 | D:1      | 0 ||| qw: Plans: Normal
     0 | D:1      | 0 ||| PLANNING D:1-11
   180 | D:1      | Reached XP level 2. HP: 11/16 MP: 4/4
   182 | D:1      | HP: 4/16 [goblin/+0 club (3)]
   186 | D:1      | Reached skill level 6 in Ranged Weapons
   201 | D:1      | 201 ||| FLEEEEING.
   202 | D:1      | 202 ||| FLEEEEING.
   203 | D:1      | 203 ||| FLEEEEING.
   204 | D:1      | 204 ||| FLEEEEING.
   205 | D:1      | 205 ||| FLEEEEING.
   206 | D:1      | 206 ||| FLEEEEING.
   207 | D:1      | 207 ||| FLEEEEING.
   208 | D:1      | 208 ||| FLEEEEING.
   366 | D:1      | Found a faded altar of an unknown god.
   509 | D:1      | 509 ||| UPGRADING to +0 scale mail.
   519 | D:1      | 519 ||| DROPPING +0 leather armour.
   520 | D:1      | 520 ||| UPGRADING to +0 helmet.
   525 | D:1      | 525 ||| READING scroll labelled ZEAPRU FOEHU.
   526 | D:1      | 526 ||| READING 2 scrolls labelled USYLOF UFFIRU.
   527 | D:1      | 527 ||| READING scroll labelled DOM FUWNABAMECS.
   528 | D:1      | 528 ||| READING scroll labelled JOUGGI ZIETINE.
   529 | D:1      | 529 ||| READING scroll labelled XOFYFO URYMISY.
   530 | D:1      | 530 ||| DRINKING 3 puce potions.
   531 | D:1      | 531 ||| DRINKING 3 red potions.
   532 | D:1      | 532 ||| DROPPING scroll of butterflies.
   533 | D:1      | 533 ||| DROPPING 2 potions of degeneration.
   574 | D:2      | Reached XP level 3. HP: 6/20 MP: 5/5
   574 | D:2      | HP: 5/20 [poisoned by an adder]
   574 | D:2      | HP: 2/20 [jackal (2)]
   575 | D:2      | Slain by a jackal

Levels and vault maps discovered:
D:1:      evilmike_arrival_rings, layout_basic,
          shapermc_ecumenical_altar_mp_ritualfount, minmay_3d_cube
D:2:      layout_basic

Skill      XL: |  1  2 |
---------------+-------+-----
Ranged Weapons | 6 |  6.7
Fighting       | |  1.5
Dodging        | |  2.4
Stealth        | |  1.2

Action                     || total
---------------------------++-------
   Fire: Shortbow          ||    66
    Use: Scroll            ||     5
         Potion            ||     2
 Armour: Leather armour    ||     4
         Scale mail        ||    26
  Dodge: Dodged            ||    21

Table legend:
 A = Non-vault XP
 B = Vault XP
 C = Vault XP percentage of total XP
 D = Non-vault monster count
 E = Vault monster count
 F = Vault count percentage of total count
                 A         B        C        D         E       F
            +---------+---------+-------+---------+---------+-------
      Total |      43 |       4 |   8.5 |      17 |       3 |  15.0
            +---------+---------+-------+---------+---------+-------
        D:1 |      24 |       4 |  14.3 |      13 |       3 |  18.8
        D:2 |      19 |       0 |   0.0 |       4 |       0 |   0.0
            +---------+---------+-------+---------+---------+-------
